 Dungeon Sprint DCSS version 0.19-a0-1097-g38e3b35 (webtiles) character file.

1301 Kidiri the Covert (level 8, -3/42 HPs)
             Began as a Spriggan Enchanter on Aug 8, 2016.
             Was a Believer of Dithmenos.
             Slain by a two-headed ogre
             ... wielding a +0 giant club
              (17 damage)
             ... in the Dungeon (Sprint III: "The Ten Rune Challenge").
             The game lasted 00:04:48 (988 turns).

Kidiri the Covert (Spriggan Enchanter)               Turns: 988, Time: 00:04:48

Health: -3/42      AC:  5    Str:  4    XL:     8   Next: 31%
Magic:  1/22       EV: 26    Int: 18    God:    Dithmenos [**....]
Gold:   42         SH:  0    Dex: 17    Spells: 6 memorised, 9 levels left

rFire  . . .     SeeInvis +     a - +1 dagger
rCold  . . .     Gourm    .     b - +1 robe
rNeg   . . .     Faith    .     (shield restricted)
rPois  .         Spirit   .     (helmet restricted)
rElec  .         Dismiss  .     (no cloak)
rCorr  .         Reflect  .     (gloves unavailable)
SustAt .         Harm     .     (boots unavailable)
MR     +....     NoTele   +     (no amulet)
Stlth  +++++++...               (no ring)
                                (no ring)

@: very slightly contaminated, wreathed by umbra, very quick
A: unfitting armour, molten scales 1, see invisible, herbivore 3, speed 3, slow
metabolism 2, MP-powered wands
a: Shadow Step, Renounce Religion


You were in the Dungeon.
You worshipped Dithmenos.
Dithmenos was pleased with you.
You were not hungry.

You visited 1 branch You collected 42 gold pieces.

Inventory:

Hand Weapons
 a - a +1 dagger (weapon)
Armour
 b - a +1 robe (worn)
Wands
 c - a wand of disintegration (15/24)
Scrolls
 j - a scroll of blinking
 k - a scroll of torment
 o - a scroll of remove curse
Potions
 f - a potion of heal wounds
 g - a potion of haste
 h - 2 potions of magic
 m - a potion of ambrosia
 n - a potion of agility
 q - a potion of cure mutation
 r - 2 potions of curing
Comestibles
 d - a bread ration
 p - 2 royal jellies


   Skills:
 + Level 4.1 Fighting
 * Level 8.0 Short Blades
 + Level 3.5 Armour
 * Level 10.4 Dodging
 * Level 11.9 Stealth
 * Level 9.2 Spellcasting
 + Level 3.2 Conjurations
 + Level 6.9 Hexes
 + Level 3.9 Ice Magic
 - Level 3.2 Invocations


You had 9 spell levels left.
You knew the following spells:

 Your Spells              Type           Power        Failure   Level  Hunger
a - Corona                Hex            ####...      1%          1    None
b - Ensorcelled Hibernat  Hex/Ice        ####..       1%          2    None
c - Confuse               Hex            ####....     1%          3    None
d - Tukima's Dance        Hex            ####....     1%          3    None
e - Dazzling Spray        Conj/Hex       ####..       3%          3    None
f - Cause Fear            Hex            ####......   6%          4    ###....


Dungeon Overview and Level Annotations

Branches:
Dungeon (1/1)

Altars:
Cheibriados
Dithmenos
Elyvilon
Fedhas
Gozag
Hepliaklqana
Kikubaaqudgha
Makhleb
Nemelex Xobeh
Okawaru
Pakellas
Qazlal
Ru
Sif Muna
Trog
Uskayaw
Vehumet
Xom
Yredelemnul
Zin
The Shining One
Jiyva
Lugonu


Innate Abilities, Weirdness & Mutations

You are tiny and cannot use many weapons and most armour.
You have supernaturally acute eyesight. (SInv)
You are a herbivore.
You cover ground extremely quickly.
You need consume almost no food.
You are partially covered in molten scales. (AC +2)
You expend magic power (3 MP) to strengthen your wands.


Message History

The two-headed ogre completely misses you. x4
You hit the two-headed ogre.
The two-headed ogre is heavily wounded.
You hit the two-headed ogre.
The two-headed ogre is heavily wounded.
The two-headed ogre barely misses you.
The two-headed ogre completely misses you.
You hit the two-headed ogre but do no damage.
The two-headed ogre is heavily wounded.
The two-headed ogre completely misses you. x2
You hit the two-headed ogre but do no damage.
The two-headed ogre is heavily wounded.
The two-headed ogre misses you. x2
You hit the two-headed ogre.
The two-headed ogre is heavily wounded.
The two-headed ogre misses you. The two-headed ogre closely misses you.
You hit the two-headed ogre.
The two-headed ogre is severely wounded.
The two-headed ogre hits you with a giant club! x2
You die...

♣.###+#+###+##
♣.#.:........#
♣.'.⌠........#
♣.#...######'#
..#.⌠.#__#...#+# ##
# ..#...#__#...#..
)#.#
..#+###__#...##.#..#
..#_)[#__#...'##O#
..#___#__+...#.O@#
▓▓▓▓▓▓▓▓▓▓▓▓▓▓▓▓▓▓


You could see 2 two-headed ogres.

Vanquished Creatures
  A deep elf mage (D)
  A shadow (D)
  A spatial vortex (D)
  A necrophage (D)
  A two-headed ogre (D)
  A water elemental (D)
  A jelly (D)
  A wizard (D)
  Jessica (D)
  A necromancer (D)
  3 humans (D)
  A kobold demonologist (D)
  A wolf (D)
  2 oozes (D)
  A rat (D)
18 creatures vanquished.

Vanquished Creatures (others)
  2 draconian scorchers (D)
  6 hellions (D)
  A yaktaur (D)
  2 dancing weapons (D)
11 creatures vanquished.

Grand Total: 29 creatures vanquished

Notes
Turn   | Place    | Note
-------+----------+-------------------------------------------
     0 | D        | Kidiri the Spriggan Enchanter began the quest for the Orb.
     0 | D        | Reached XP level 1. HP: 9/9 MP: 5/5
    61 | D        | Killed a yaktaur
   109 | D        | Killed a hellion
   162 | D        | Reached skill level 5 in Stealth
   162 | D        | Reached XP level 2. HP: 14/14 MP: 5/7
   166 | D        | Learned a level 2 spell: Ensorcelled Hibernation
   169 | D        | Killed a hellion
   170 | D        | Killed a hellion
   185 | D        | Noticed Jessica
   192 | D        | Killed Jessica
   192 | D        | Reached skill level 1 in Fighting
   192 | D        | Reached skill level 1 in Armour
   192 | D        | Reached skill level 6 in Stealth
   192 | D        | Reached XP level 3. HP: 18/18 MP: 5/9
   197 | D        | Learned a level 3 spell: Confuse
   201 | D        | Learned a level 3 spell: Tukima's Dance
   209 | D        | Killed a white draconian scorcher
   209 | D        | Killed a white draconian scorcher
   248 | D        | Killed a hellion
   248 | D        | Killed a hellion
   255 | D        | Killed a hellion
   293 | D        | Reached skill level 5 in Dodging
   293 | D        | Reached skill level 1 in Ice Magic
   323 | D        | Reached XP level 4. HP: 22/22 MP: 6/11
   372 | D        | Gained mutation: You are dopey. (Int -2) [potion of mutation]
   372 | D        | Gained mutation: You are partially covered in molten scales. (AC +2) [potion of mutation]
   372 | D        | Lost mutation: You are dopey. (Int -2) [potion of mutation]
   373 | D        | Gained mutation: You expend magic power (3 MP) to strengthen your wands. [potion of mutation]
   559 | D        | Learned a level 3 spell: Dazzling Spray
   560 | D        | Noticed a water elemental
   562 | D        | Killed a water elemental
   562 | D        | Reached skill level 7 in Stealth
   562 | D        | Reached skill level 5 in Spellcasting
   575 | D        | Noticed a shadow
   603 | D        | Killed a shadow
   603 | D        | Reached skill level 5 in Short Blades
   603 | D        | Reached skill level 9 in Stealth
   603 | D        | Reached skill level 1 in Conjurations
   603 | D        | Reached skill level 5 in Hexes
   603 | D        | Reached XP level 5. HP: 27/27 MP: 1/15
   603 | D        | Reached XP level 6. HP: 32/32 MP: 1/16
   753 | D        | Found an oddly glowing altar of Pakellas.
   753 | D        | Found a stormy altar of Qazlal.
   754 | D        | Found a sacrificial altar of Ru.
   754 | D        | Found a burning altar of Makhleb.
   754 | D        | Found a viscous altar of Jiyva.
   754 | D        | Found a shimmering altar of Xom.
   754 | D        | Found a shadowy altar of Dithmenos.
   754 | D        | Found a sparkling altar of Nemelex Xobeh.
   754 | D        | Found a corrupted altar of Lugonu.
   754 | D        | Found an opulent altar of Gozag.
   754 | D        | Noticed a spatial vortex
   758 | D        | Became a worshipper of Dithmenos the Shadowed
   759 | D        | Killed a spatial vortex
   759 | D        | Reached skill level 10 in Stealth
   759 | D        | Reached skill level 1 in Invocations
   784 | D        | Found a hide-covered altar of Uskayaw.
   784 | D        | Found a radiant altar of Vehumet.
   785 | D        | Found a deep blue altar of Sif Muna.
   785 | D        | Found an ancient bone altar of Kikubaaqudgha.
   801 | D        | Learned a level 4 spell: Cause Fear
   821 | D        | Found a glowing silver altar of Zin.
   822 | D        | Found a glowing golden altar of the Shining One.
   822 | D        | Found a white marble altar of Elyvilon.
   822 | D        | Noticed a deep elf mage
   824 | D        | Killed a deep elf mage
   824 | D        | Reached * piety under Dithmenos
   824 | D        | Reached skill level 10 in Dodging
   824 | D        | Reached skill level 11 in Stealth
   824 | D        | Reached XP level 7. HP: 37/37 MP: 18/20
   836 | D        | Found an iron altar of Okawaru.
   837 | D        | Found a hazy altar of Hepliaklqana.
   837 | D        | Found a bloodstained altar of Trog.
   837 | D        | Noticed a human
   837 | D        | Noticed a human
   854 | D        | Killed a human
   854 | D        | Reached XP level 8. HP: 31/42 MP: 15/21
   939 | D        | Found a snail-covered altar of Cheibriados.
   940 | D        | Found a basalt altar of Yredelemnul.
   940 | D        | Found a blossoming altar of Fedhas.
   941 | D        | Reached ** piety under Dithmenos
   988 | D        | Slain by a two-headed ogre

Vault maps used:
D:        dungeon_sprint_mu

Skill      XL: |  1  2  3  4  5  6  7  8 |
---------------+-------------------------+-----
Spellcasting   | 3 4 6 8 9 |  9.2
Short Blades   | 2 3 5 7 8 |  8.0
Stealth        | 5 6 9 11 | 11.9
Fighting       | 1 2 3 4 |  4.1
Armour         | 1 2 3 |  3.5
Dodging        | 4 5 7 10 | 10.4
Hexes          | 4 5 6 |  6.9
Ice Magic      | 1 2 3 |  3.9
Conjurations   | 1 2 3 |  3.2
Invocations    | 2 3 |  3.2

Action                   |  1- 3 |  4- 6 |  7- 9 || total
-------------------------+-------+-------+-------++-------
Melee: Dagger            |    20 |    17 |    34 ||    71
 Cast: Corona            |     3 |       |       ||     3
       Ensorcelled Hiber |     4 |       |     4 ||     8
       Dazzling Spray    |       |     4 |     4 ||     8
       Confuse           |       |       |     1 ||     1
       Tukima's Dance    |       |       |     3 ||     3
  Use: Potion            |     1 |     3 |       ||     4
       Scroll            |       |     5 |       ||     5
 Stab: Sleeping          |     5 |     5 |     2 ||    12
       Confused          |       |       |     2 ||     2
       Invisible         |       |       |     1 ||     1
Armor: Robe              |     1 |     1 |     2 ||     4
Dodge: Dodged            |    14 |     6 |    48 ||    68
